 Dungeon Crawl Stone Soup version 0.21.1-1-g345015f (webtiles) character file.

6652 bosm the Covert (level 11, -2/70 HPs)
             Began as a Kobold Hunter on Mar 27, 2018.
             Was a Believer of Wu Jian.
             Slain by a three-headed hydra (9 damage)
             ... on level 8 of the Dungeon.
             The game lasted 00:42:59 (9389 turns).

bosm the Covert (Kobold Hunter)                     Turns: 9389, Time: 00:43:00

Health: -2/70      AC:  8    Str:  9    XL:     11   Next: 22%
Magic:  11/11      EV: 18    Int: 14    God:    Wu Jian [**....]
Gold:   469        SH:  0    Dex: 18    Spells: 9/10 levels left

rFire    . . .     SeeInvis .   w - +1 hand crossbow
rCold    . . .     Gourm    .   (shield restricted)
rNeg     + . .     Faith    .   q - +3 ring mail of Theory {rPois Regen+}
rPois    +         Spirit   .   (no helmet)
rElec    .         Reflect  .   (no cloak)
rCorr    .         Harm     .   (no gloves)
MR       .....                  (no boots)
Stlth    +++++.....             (no amulet)
HPRegen  0.00/turn              i - ring of positive energy
MPRegen  0.12/turn              (no ring)

@: no status effects
A: small, carnivore, robust 1, inhibited regeneration, wild magic 1
a: Wall Jump, Renounce Religion


You were on level 8 of the Dungeon.
You worshipped Wu Jian.
Wu Jian was pleased with you.
You were very full.

You visited 2 branches of the dungeon, and saw 9 of its levels.
You also visited: Ossuary.

You collected 469 gold pieces.

Inventory:

Hand Weapons
 a - a +5 short sword of holy wrath
 e - a +2 whip of venom
 w - a +1 hand crossbow (weapon)
Missiles
 k - 29 bolts (quivered)
Armour
 q - the +3 ring mail of Theory (worn) {rPois Regen+}
   (You found it on level 4 of the Dungeon)

   It protects you from poison.
   It increases your rate of regeneration.
Jewellery
 i - a ring of positive energy (left hand)
Wands
 g - a wand of polymorph (9)
 l - a wand of disintegration (6)
Scrolls
 b - a scroll of enchant armour
 m - 4 scrolls of identify
 n - a scroll of teleportation
 t - a scroll of remove curse
Potions
 c - a potion of brilliance
 h - 2 potions of curing
 j - 2 potions of resistance
 o - 4 potions of flight
 s - a potion of mutation
Comestibles
 f - 7 rations


   Skills:
 + Level 5.8 Fighting
 + Level 7.7 Short Blades
 + Level 9.9 Crossbows
 + Level 9.0 Dodging
 * Level 13.9 Stealth


You had 9 spell levels left.
You knew the following spells:

 Your Spells              Type           Power        Failure   Level  Hunger
q - Apportation           Tloc           #.....       71%         1    ##.....


Dungeon Overview and Level Annotations

Branches:
Dungeon (8/15)             Temple (1/1) D:6
   Lair: D:8-11

Altars:
Ashenzari
Cheibriados
Dithmenos
Elyvilon
Gozag
Hepliaklqana
Kikubaaqudgha
Makhleb
Nemelex Xobeh
Okawaru
Qazlal
Ru
Sif Muna
Trog
Uskayaw
Vehumet
Wu Jian
Xom
Yredelemnul
Zin
The Shining One

Annotations:
D:8 Gastronok


Innate Abilities, Weirdness & Mutations

You are small and have problems with some larger weapons.
You are carnivorous and can eat meat at any time.
You are robust. (+10% HP)
You do not regenerate when monsters are visible.
Your spells are a little harder to cast, but a little more powerful.


Message History

The dream sheep bites you but does no damage.
You feel better.
The three-headed hydra closely misses you. x2
The three-headed hydra bites you but does no damage.
The dream sheep bites you!
* * * LOW HITPOINT WARNING * * *
Firing (i - inventory):
k - 30 bolts (quivered)
Press: ? - help, Shift-Dir - straight line, f/p - three-headed hydra
Aim: a three-headed hydra (severely wounded)
You shoot a bolt. The bolt hits the three-headed hydra.
The three-headed hydra is almost dead.
The three-headed hydra bites you.
* * * LOW HITPOINT WARNING * * *
The three-headed hydra misses you.
The three-headed hydra closely misses you.
The dream sheep ruffles its wool and motes of dream dust sparkle, to no effect.
The three-headed hydra bites you!
* * * LOW HITPOINT WARNING * * *
The three-headed hydra bites you!
You die...

#.# ####..# #......# #.#
#.....## #.....[# ###
#......# #......#######
#......## #.............
#.≈≈....# #......#.#####
P #.≈≈..#.## ###..#.#.#
...##...≈.#..# #..#.#.#
K.≈Y......##.#####..#.#.#
.#....(.(D@....#..#.#.#
#..####.Y.....#..#.#.#
#.. #.......#..#.#.# #.
#####.###..# ... .
#.###..# # #..##..# .
##.##..#########
#..#.........##
##.#..######>##


You could see a three-headed hydra and a dream sheep.

Vanquished Creatures
  3 two-headed ogres
  The ghost of Eltigrechino the Ruffian, a novice TrMo of Trog (D:5)
  Pikel (D:7)
  Grinder (D:4)
  Sigmund (D:2)
  A hungry ghost (D:7)
  Menkaure (Ossuary)
  2 water moccasins (D:8)
  Duvessa (D:7)
  An orc warrior (D:6)
  2 black bears
  3 sky beasts
  2 ice beasts
  A slave (D:7)
  4 ogres
  A centaur (D:5)
  Blork the orc (D:4)
  2 bullfrogs
  A water moccasin zombie (D:7)
  Dowan (D:7)
  7 killer bees
  A howler monkey (D:8)
  3 crimson imps
  A quasit (D:5)
  4 hounds
  3 orc priests
  2 orc wizards
  A bullfrog skeleton (D:4)
  A centaur skeleton (D:4)
  2 iguanas
  An iron imp (D:5)
  Natasha (thrice) (D:4)
  9 worker ants
  A hound skeleton (D:7)
  3 mummies (Ossuary)
  2 adders (D:2)
  7 gnolls
  A shadow imp (D:7)
  2 oozes
  An adder skeleton (D:4)
  2 worms (D:3)
  3 dart slugs
  A leopard gecko (D:7)
  20 orcs
  3 giant cockroaches
  7 goblins
  7 hobgoblins
  5 jackals
  5 quokkas
  3 bats
  6 frilled lizards
  2 gnoll skeletons (Ossuary)
  A gnoll zombie (Ossuary)
  3 goblin skeletons
  6 goblin zombies
  3 hobgoblin skeletons (Ossuary)
  5 hobgoblin zombies
  6 kobolds
  3 kobold skeletons (Ossuary)
  2 kobold zombies
  A leopard gecko skeleton (D:2)
  5 orc skeletons
  2 orc zombies
  A quokka skeleton (D:4)
  7 rats
  2 rat skeletons (Ossuary)
  A rat zombie (Ossuary)
198 creatures vanquished.

Vanquished Creatures (others)
  2 gnoll zombies (Ossuary)
  A gnoll skeleton (Ossuary)
  A goblin skeleton (Ossuary)
  2 goblin zombies (Ossuary)
  A hobgoblin skeleton (Ossuary)
  2 kobold skeletons (Ossuary)
  3 kobold zombies (Ossuary)
  An orc skeleton (Ossuary)
  5 orc zombies (Ossuary)
  3 rat skeletons (Ossuary)
  3 rat zombies (Ossuary)
  A plant (D:8)
25 creatures vanquished.

Grand Total: 223 creatures vanquished

Notes
Turn   | Place    | Note
-------+----------+-------------------------------------------
     0 | D:1      | bosm the Kobold Hunter began the quest for the Orb.
     0 | D:1      | Reached XP level 1. HP: 12/12 MP: 1/1
     0 | D:1      | Noticed a shadow dragon
     0 | D:1      | Noticed a shadow dragon
     1 | D:1      | Noticed a shadow dragon
     1 | D:1      | Noticed a tentacled monstrosity
     3 | D:1      | Noticed an iron dragon
     3 | D:1      | Noticed a yellow draconian
    10 | D:1      | Noticed a large abomination
    12 | D:1      | Noticed an ice dragon
    12 | D:1      | Noticed a tentacled monstrosity
    14 | D:1      | Noticed a shadow dragon
    14 | D:1      | Noticed a shadow dragon
    16 | D:1      | Noticed an ice dragon
    16 | D:1      | Noticed a large abomination
    16 | D:1      | Noticed a tentacled monstrosity
    18 | D:1      | Noticed a red draconian
    18 | D:1      | Noticed an iron dragon
    20 | D:1      | Noticed an orb of fire
   181 | D:1      | Reached skill level 2 in Stealth
   254 | D:1      | Reached XP level 2. HP: 18/18 MP: 2/2
   359 | D:1      | Reached skill level 5 in Crossbows
   435 | D:1      | Reached XP level 3. HP: 17/22 MP: 3/3
   653 | D:2      | Reached skill level 3 in Stealth
  1006 | D:2      | Reached XP level 4. HP: 22/27 MP: 4/4
  1011 | D:2      | Noticed Sigmund
  1018 | D:2      | Killed Sigmund
  1018 | D:2      | Reached skill level 5 in Stealth
  1018 | D:2      | Reached XP level 5. HP: 28/32 MP: 5/5
  1018 | D:2      | Reached XP level 6. HP: 32/37 MP: 6/6
  1274 | D:3      | Found a white marble altar of Elyvilon.
  1277 | D:3      | Found a stormy altar of Qazlal.
  1278 | D:3      | Found a deep blue altar of Sif Muna.
  1278 | D:3      | Found an ancient bone altar of Kikubaaqudgha.
  1324 | D:3      | Learned a level 1 spell: Apportation
  2155 | D:4      | Noticed Natasha
  2161 | D:4      | Killed Natasha
  2555 | D:4      | Noticed Grinder
  2562 | D:4      | Paralysed by Grinder for 7 turns
  2570 | D:4      | Killed Grinder
  2570 | D:4      | Reached skill level 6 in Stealth
  2570 | D:4      | Reached XP level 7. HP: 18/43 MP: 7/7
  3052 | D:4      | Noticed Blork the orc
  3068 | D:4      | Killed Blork the orc
  3068 | D:4      | Reached skill level 7 in Stealth
  3403 | D:4      | Found a radiant altar of Vehumet.
  3407 | D:4      | Noticed Natasha
  3432 | D:4      | Killed Natasha
  3476 | D:4      | Noticed Natasha
  3508 | D:4      | Reached skill level 5 in Dodging
  3508 | D:4      | Reached XP level 8. HP: 30/48 MP: 8/8
  3637 | D:4      | Killed Natasha
  3789 | D:4      | Got a distressingly furry ring mail
  3807 | D:4      | Identified the +3 ring mail of Theory {rPois Regen+} (You found it on level 4 of the Dungeon)
  4086 | D:5      | Entered Level 5 of the Dungeon
  4278 | D:4      | Reached skill level 8 in Stealth
  4419 | D:5      | Gained mutation: You do not regenerate when monsters are visible. [potion of mutation]
  4419 | D:5      | Gained mutation: You are robust. (+10% HP) [potion of mutation]
  4419 | D:5      | Gained mutation: Your spells are a little harder to cast, but a little more powerful. [potion of mutation]
  4503 | D:5      | Reached skill level 5 in Fighting
  4592 | D:5      | Noticed Eltigrechino's ghost (novice TrMo)
  4608 | D:5      | Found a glowing golden altar of the Shining One.
  5005 | D:6      | Reached skill level 1 in Short Blades
  5048 | D:6      | Found a staircase to the Ecumenical Temple.
  5093 | D:6      | Found a sand-covered staircase.
  5098 | Ossuary  | Entered an ossuary
  5506 | Ossuary  | Noticed Menkaure
  5516 | Ossuary  | Killed Menkaure
  5516 | Ossuary  | Reached skill level 9 in Stealth
  5643 | Temple   | Entered the Ecumenical Temple
  5653 | Temple   | Became a worshipper of the Wu Jian Council
  5899 | D:7      | Reached XP level 9. HP: 58/59 MP: 9/9
  6217 | D:7      | Noticed Duvessa
  6217 | D:7      | Noticed Dowan
  6218 | D:7      | Noticed a two-headed ogre
  6282 | D:7      | Killed Dowan
  6282 | D:7      | Reached skill level 10 in Stealth
  6289 | D:7      | Killed Duvessa
  6365 | D:7      | Killed a two-headed ogre
  6365 | D:7      | Reached skill level 11 in Stealth
  6774 | D:5      | Killed Eltigrechino's ghost
  6774 | D:5      | Reached skill level 5 in Short Blades
  6774 | D:5      | Reached XP level 10. HP: 64/64 MP: 10/10
  6873 | D:5      | Reached * piety under Wu Jian
  6891 | D:5      | Reached skill level 12 in Stealth
  8379 | D:7      | Noticed Pikel
  8398 | D:7      | Killed Pikel
  8567 | D:8      | Reached skill level 13 in Stealth
  8730 | D:7      | Reached ** piety under Wu Jian
  9174 | D:8      | Noticed a two-headed ogre
  9185 | D:8      | Killed a two-headed ogre
  9185 | D:8      | Reached XP level 11. HP: 44/70 MP: 11/11
  9234 | D:8      | Noticed Gastronok
  9307 | D:8      | Noticed a two-headed ogre
  9312 | D:8      | Killed a two-headed ogre
  9370 | D:8      | Noticed a three-headed hydra
  9389 | D:8      | Slain by a three-headed hydra

Skill      XL: |  1  2  3  4  5  6  7  8  9 10 11 |
---------------+----------------------------------+-----
Stealth        | 2 3 5 6 7 9 11 13 | 13.9
Crossbows      | 5 6 7 8 9 |  9.9
Dodging        | 3 4 5 6 7 8 9 |  9.0
Fighting       | 3 4 5 |  5.8
Short Blades   | 2 5 7 |  7.7

Action                   |  1- 3 |  4- 6 |  7- 9 | 10-12 || total
-------------------------+-------+-------+-------+-------++-------
Melee: Dagger            |    10 |    10 |    18 |       ||    38
       Short sword       |     3 |       |    22 |   291 ||   316
       Whip              |    61 |    41 |   154 |       ||   256
       Unarmed           |       |       |     2 |       ||     2
 Fire: Hand crossbow     |    13 |    45 |   143 |    42 ||   243
Throw: Throwing net      |       |       |       |     1 ||     1
Invok: Lunge             |       |       |     8 |    30 ||    38
       Whirlwind         |       |       |       |    53 ||    53
       Wall Jump         |       |       |       |     7 ||     7
Evoke: Wand              |       |       |     6 |       ||     6
  Use: Potion            |       |     2 |    16 |     4 ||    22
       Scroll            |       |     1 |     7 |     6 ||    14
 Stab: Sleeping          |     6 |     3 |     6 |    15 ||    30
       Distracted        |       |       |     1 |     1 ||     2
       Invisible         |       |       |     2 |       ||     2
       Held in net/web   |       |       |       |     2 ||     2
  Eat: Chunk             |     2 |     1 |    13 |    18 ||    34
       Ration            |       |     1 |     2 |       ||     3
Armor: Leather armour    |    18 |    10 |     6 |       ||    34
       Skin              |       |       |     2 |       ||     2
       Ring mail         |       |       |    68 |    65 ||   133
Dodge: Dodged            |    54 |    59 |   218 |   243 ||   574
